 Dungeon Crawl Stone Soup version 0.20-a0-1117-g62da73f (webtiles) character file.

661 grindst0ne the Fighter (level 7, -5/68 HPs)
             Began as a Minotaur Berserker on May 9, 2017.
             Was an Elder of Trog.
             Slain by grindst0ne's ghost (7 damage)
             ... on level 5 of the Dungeon.
             The game lasted 00:13:14 (4308 turns).

grindst0ne the Fighter (Minotaur Berserker)         Turns: 4308, Time: 00:13:15

Health: -5/68      AC: 13    Str: 27    XL:     7   Next: 30%
Magic:  6/6        EV:  9    Int:  4    God:    Trog [****..]
Gold:   192        SH:  0    Dex: 11    Spells: 6/6 levels left

rFire    . . .     SeeInvis .   w - +1 morningstar
rCold    . . .     Gourm    .   (no shield)
rNeg     . . .     Faith    .   D - +0 chain mail
rPois    +         Spirit   .   (helmet restricted)
rElec    .         Reflect  .   i - +0 cloak
rCorr    .         Harm     .   r - +1 pair of gloves
MR       ++...                  b - +0 pair of boots
Stlth    ..........             (no amulet)
Regen    1.3/turn               a - ring of poison resistance
MPRegen  0.1/turn               y - ring of poison resistance

@: mighty, regenerating, slowed, very slow
A: retaliatory headbutt, horns 2
a: Berserk, Trog's Hand, Brothers in Arms, Burn Spellbooks, Renounce Religion


You were on level 5 of the Dungeon.
You worshipped Trog.
Trog was greatly pleased with you.
You were near starving.

You visited 1 branch of the dungeon, and saw 5 of its levels.

You collected 192 gold pieces.

Inventory:

Hand Weapons
 t - a +0 hand axe of freezing
 w - a +1 morningstar (weapon)
Armour
 b - a +0 pair of boots (worn)
 i - a +0 cloak (worn)
 r - a +1 pair of gloves (worn)
 D - a +0 chain mail (worn)
Jewellery
 a - a ring of poison resistance (left hand)
 y - a ring of poison resistance (right hand)
Wands
 C - a wand of confusion (19/48)
Scrolls
 h - a scroll of teleportation {unknown}
 j - a scroll of identify
 x - 2 scrolls of immolation {unknown}
 B - a scroll of enchant weapon
Potions
 e - a potion of brilliance {unknown}
 g - a potion of cancellation
 k - 2 potions of curing
 n - a potion of magic {unknown}
 o - a potion of lignification {unknown}
 p - 2 potions of haste {unknown}
 q - a potion of ambrosia {unknown}
 s - 3 potions of flight {unknown}
 u - 2 potions of agility {unknown}
 z - a potion of degeneration {unknown}
 A - a potion of mutation {unknown}
Comestibles
 c - 2 bread rations
 d - 2 meat rations
 f - 3 royal jellies


   Skills:
 + Level 8.0 Fighting
 + Level 7.3 Axes
 - Level 2.4 Armour
 - Level 2.1 Dodging


You had 6 spell levels left.
You didn't know any spells.

Dungeon Overview and Level Annotations

Branches:
Dungeon (5/15)             Temple (0/1) D:5

Altars:

Annotations:
D:5 grindst0ne's ghost, novice DsBe


Innate Abilities, Weirdness & Mutations

You reflexively headbutt those who attack you in melee.
You have a pair of horns on your head.


Message History

Okay, then.
Okay, then.
It was a potion of heal wounds.
You feel much better.
Grindst0ne's ghost hits you but does no damage.
Okay, then.
You feel very mighty all of a sudden.
Grindst0ne's ghost screams, "You will never get the ORB!"
Grindst0ne's ghost hits you but does no damage.
Grindst0ne's ghost hits you.
Your chain mail prevents you from hitting grindst0ne's ghost.
Your headbutt misses grindst0ne's ghost.
Grindst0ne's ghost is heavily damaged.
Grindst0ne's ghost hits you! x2
* * * LOW HITPOINT WARNING * * *
You hit grindst0ne's ghost.
Grindst0ne's ghost is severely damaged.
Grindst0ne's ghost hits you!
* * * LOW HITPOINT WARNING * * *
Grindst0ne's ghost hits you!
You die...

##........(.....##
#......#####....###
#....### #......##
##....#### ##..##....
#####..[.....###..#####..
#..................# ##..
...................# ##...
..####....#####....###...#
. ###.@## ###..#....##
#.W.# #......## ##..#
#......## ....# #......##
#....# #.....##
.............#
...............
.$.....######... .......##
##..


You could see grindst0ne's ghost.

Vanquished Creatures
  2 big kobolds
  3 crimson imps (D:5)
  A jelly (D:5)
  An orc priest (D:4)
  Jessica (D:2)
  2 orc wizards
  2 worker ants
  A hound skeleton (D:5)
  A worker ant zombie (D:5)
  Robin (D:2)
  8 adders
  An adder skeleton (D:5)
  A dart slug (D:1)
  9 leopard geckos
  10 orcs
  9 bats
  2 giant cockroaches (D:3)
  19 goblins
  14 hobgoblins
  3 jackals (D:1)
  17 kobolds
  3 quokkas
  3 frilled lizards
  7 rats
121 creatures vanquished.

Notes
Turn   | Place    | Note
-------+----------+-------------------------------------------
     0 | D:1      | grindst0ne the Minotaur Berserker began the quest for the Orb.
     0 | D:1      | Reached XP level 1. HP: 19/19 MP: 0/0
    39 | D:1      | HP: 1/28 [kobold/whip (6)]
   345 | D:1      | Reached skill level 4 in Fighting
   345 | D:1      | Reached XP level 2. HP: 23/27 MP: 1/1
   741 | D:1      | Reached XP level 3. HP: 33/34 MP: 2/2
   970 | D:1      | Reached ** piety under Trog
  1031 | D:2      | Noticed Jessica
  1035 | D:2      | Killed Jessica
  1035 | D:2      | Reached skill level 5 in Fighting
  1069 | D:2      | Noticed Robin
  1076 | D:2      | Reached XP level 4. HP: 42/42 MP: 3/3
  1078 | D:2      | Killed Robin
  1613 | D:2      | Reached skill level 5 in Axes
  1785 | D:2      | Reached XP level 5. HP: 50/50 MP: 4/4
  2239 | D:3      | Reached skill level 6 in Fighting
  2244 | D:3      | Reached *** piety under Trog
  2512 | D:3      | Reached XP level 6. HP: 35/58 MP: 5/5
  2667 | D:3      | Reached skill level 7 in Fighting
  3921 | D:5      | Entered Level 5 of the Dungeon
  3957 | D:5      | Reached **** piety under Trog
  3977 | D:5      | Reached XP level 7. HP: 62/66 MP: 6/6
  3995 | D:5      | Found a staircase to the Ecumenical Temple.
  4290 | D:5      | Noticed grindst0ne's ghost (novice DsBe)
  4303 | D:5      | HP: 3/67 [grindst0ne's ghost (11)]
  4303 | D:5      | Reached skill level 8 in Fighting
  4304 | D:5      | HP: 1/68 [grindst0ne's ghost (4)]
  4308 | D:5      | Slain by grindst0ne's ghost

Vault maps used:
D:1:      mainiacjoe_arrival_reflecting_pool
D:2:      kennysheep_big_flooded_room, uniq_jessica, uniq_robin
D:3:      cheibrodos_thug_alley, first_bread
D:4:      fedhas_altar_3, lightli_sewer_entry_pipes
D:5:      minmay_temple_entry_from_below_a

Skill      XL: |  1  2  3  4  5  6  7 |
---------------+----------------------+-----
Axes           | 4 5 6 7 |  7.3
Fighting       | 4 5 6 7 8 |  8.0
Armour         | |  2.4
Dodging        | |  2.1

Action                   |  1- 3 |  4- 6 |  7- 9 || total
-------------------------+-------+-------+-------++-------
Melee: Hand axe          |    28 |     1 |       ||    29
       Dagger            |    26 |   136 |       ||   162
       Headbutt          |     5 |    30 |     6 ||    41
       Morningstar       |       |    43 |    27 ||    70
Invok: Berserk           |     2 |     7 |     1 ||    10
       Trog's Hand       |       |       |     1 ||     1
  Use: Scroll            |       |     8 |       ||     8
       Potion            |       |       |     2 ||     2
  Eat: Chunk             |     1 |    17 |     1 ||    19
Armor: Animal skin       |     7 |       |       ||     7
       Ring mail         |    19 |    83 |       ||   102
       Chain mail        |       |    11 |    24 ||    35
Dodge: Dodged            |    36 |   136 |    18 ||   190
